 Dungeon Crawl Stone Soup version 0.31.0-12-g77e489cdc1 (webtiles) character file.

Game seed: 10005881008105514021

93 spaghetti the Ruffian (level 4, -1/29 HPs)
             Began as a Tengu Chaos Knight on Feb 26, 2024.
             Was a Plaything of Xom.
             Slain by Crazy Yiuf
             ... wielding a +3 quarterstaff of chaos
              (15 damage)
             ... on level 2 of the Dungeon.
             The game lasted 00:01:48 (1253 turns).

spaghetti the Ruffian (Tengu Chaos Knight)          Turns: 1253, Time: 00:01:49

Health: -1/29      AC:  5    Str: 15    XL:     4   Next: 61%
Magic:  5/5        EV: 11    Int: 12    God:    Xom [..*...]
Gold:   54         SH:  0    Dex: 13    Spells: 3/3 levels left

rFire   . .          .
                       - Unarmed
rCold   . . .        (no shield)
rNeg    . . .        a - +2 leather armour
rPois   .            (helmet restricted)
rElec   .            (no cloak)
rCorr   .            (no gloves)
SInv    .            (boots unavailable)
Will    .....        (no amulet)
Stlth   +            (no ring)
HPRegen 0.24/turn    (no ring)
MPRegen 0.09/turn

%: acrobat
@: hasted, very quick
A: beak, talons 3, acrobatic
a: Renounce Religion


You were on level 2 of the Dungeon.
You worshipped Xom.
You were a toy of Xom.
You visited 1 branch of the dungeon, and saw 2 of its levels.

You collected 54 gold pieces.

Inventory:

Armour
 a - a +2 leather armour (worn)
Scrolls
 b - a scroll of butterflies
 d - a scroll of teleportation {unknown}


   Skills:
 + Level 4.2 Fighting
 - Level 2.1 Armour
 - Level 1.1 Dodging
 + Level 4.6 Unarmed Combat


You had 3 spell levels left.
You didn't know any spells.
Your spell library contained the following spells:

 Spells                   Type           Power      Damage    Failure   Level
 Kiss of Death            Conj/Necr      0%         2d5       38%         1
 Call Canine Familiar     Summ           0%         N/A       77%         3
 Confusing Touch          Hex            0%         N/A       77%         3
 Sigil of Binding         Hex            0%         N/A       77%         3
 Dimensional Bullseye     Hex/Tloc       0%         N/A       99%         4
 Dispel Undead            Necr           0%         3d6       99%         4


Dungeon Overview and Level Annotations

Branches:
Dungeon (2/15)

Altars:

Annotations:
D:2 Crazy Yiuf


Innate Abilities, Weirdness & Mutations

You have a beak for a mouth.
You have claws for feet.
You can magically evade attacks while moving or waiting.


Message History

You see here a hobgoblin skeleton.
You enter the shallow water.
Moving in this stuff is going to be slow.
You enter the shallow water.
Moving in this stuff is going to be slow.
There is a stone staircase leading down here.
Key pressed, stopping explore.
You aren't carrying any potions.
The air fills with toxic fumes!
As you read the scroll labelled YNWEAM HO SUR, it crumbles to dust.
It was a scroll of poison.
Crazy Yiuf shouts!
You open the door. You hit Crazy Yiuf but do no damage.
You claw Crazy Yiuf, but do no damage.
Crazy Yiuf hits you with a +3 quarterstaff of chaos!
Ouch! That really hurt!
A shower of butterflies erupts from you!
You feel yourself speed up.
Unknown command.
Unknown command.
Okay, then.
You aren't carrying any potions.
You barely miss Crazy Yiuf. Your kick misses Crazy Yiuf.
Your peck misses Crazy Yiuf.
Your butterfly is poisoned.
Crazy Yiuf whimpers, "Gnoll bag hog!"
Crazy Yiuf closely misses you.
You hit Crazy Yiuf. You claw Crazy Yiuf. Your peck misses Crazy Yiuf.
Crazy Yiuf is moderately wounded.
You kill your butterfly!
Your butterfly disappears in a puff of smoke!
You hit Crazy Yiuf but do no damage. You claw Crazy Yiuf.
You peck Crazy Yiuf, but do no damage.
Crazy Yiuf is heavily wounded.
Crazy Yiuf barely misses you.
You barely miss Crazy Yiuf. Your peck misses Crazy Yiuf.
Crazy Yiuf is heavily wounded.
Crazy Yiuf hits you with a +3 quarterstaff of chaos!
Ouch! That really hurt!
You die...

..)........##
#+..+#
..........##
#....#
..........#
♣.PP.♣
....#######
♣♣P..♣
....####
♣♣.♣♣
....^..# ♣♣§♣
.)....)# ♣§♣♣
.......# ♣♣§♣
.......# ♣@♣♣
.......# #g#
.......# ..b
.......#
#...#
.......#
#)..#
.......#
#####
.......#
.......#
########


You could see Crazy Yiuf (ally target).

Vanquished Creatures
  Terence (D:2)
  2 adders (D:2)
  2 dart slugs
  2 ball pythons (D:1)
  5 endoplasms
  3 giant cockroaches
  6 hobgoblins
  2 jackals (D:2)
  A quokka (D:1)
  3 bats
  2 frilled lizards (D:1)
  3 goblins (D:1)
  5 kobolds
  9 rats
46 creatures vanquished.

Notes
Turn   | Place    | Note
-------+----------+-------------------------------------------
     0 | D:1      | spaghetti the Tengu Chaos Knight began the quest for the
                  | Orb.
     0 | D:1      | Reached XP level 1. HP: 14/14 MP: 2/2
     5 | D:1      | XOM: potion effect (might)
    25 | D:1      | XOM: silly message
    63 | D:1      | Reached XP level 2. HP: 19/19 MP: 3/3
   205 | D:1      | XOM: cast spell 'Alistair's Intoxication'
   352 | D:1      | Reached XP level 3. HP: 23/23 MP: 4/4
   542 | D:2      | XOM: noise
   567 | D:2      | Noticed Terence
   584 | D:2      | Killed Terence
   585 | D:2      | Reached XP level 4. HP: 11/29 MP: 5/5
   781 | D:2      | XOM: cloud trail
   857 | D:2      | XOM: silly message
  1051 | D:2      | Found a runed translucent door.
  1052 | D:2      | Noticed Crazy Yiuf
  1249 | D:2      | XOM: butterfly on damage
  1253 | D:2      | Slain by Crazy Yiuf

Illustrated notes

Levels and vault maps discovered:
D:1:      minmay_arrival_plants_in_alcoves, layout_basic, dk_noncrumbling_2
D:2:      minmay_angry_zag, layout_basic, minmay_curled_crystal,
          serial_bayou_lake_a, uniq_crazy_yiuf_cottage, uniq_terence

Skill      XL: |  1  2  3 |
---------------+----------+-----
Unarmed Combat | 4 |  4.6
Fighting       | 4 |  4.2
Armour         | |  2.1
Dodging        | |  1.1

Action                     |  1- 3 |  4- 6 || total
---------------------------+-------+-------++-------
  Melee: Unarmed           |    83 |    56 ||   139
         Kick              |    16 |     8 ||    24
         Peck              |     9 |     3 ||    12
         Punch             |     1 |     1 ||     2
    Use: Potion            |     1 |       ||     1
         Scroll            |       |     1 ||     1
   Stab: Sleeping          |     1 |       ||     1
 Armour: Leather armour    |    32 |    22 ||    54
  Dodge: Dodged            |    44 |    41 ||    85
